 Dungeon Crawl Stone Soup version 0.21.1-1-g345015fe64 (webtiles) character file.

125 Lavandula the Digger (level 5, 0/52 HPs)
             Began as a Barachi Earth Elementalist on July 4, 2018.
             Succumbed to a worker ant's poison
             ... on level 3 of the Dungeon.
             The game lasted 00:07:07 (984 turns).

Lavandula the Digger (Barachi Earth Elementalist)    Turns: 984, Time: 00:07:07

Health: 0/52       AC:  2    Str: 14    XL:     5   Next: 9%
Magic:  1/8        EV: 18    Int: 17    God:
Gold:   78         SH:  0    Dex: 17    Spells: 4/8 levels left

rFire    . . .     SeeInvis .   m - -2 dagger (curse)
rCold    . . .     Gourm    .   (no shield)
rNeg     . . .     Faith    .   c - +0 robe
rPois    .         Spirit   .   (no helmet)
rElec    .         Reflect  .   q - scarf {repulsion}
rCorr    .         Harm     .   (no gloves)
MR       .....                  (no boots)
Stlth    ..........             (no amulet)
HPRegen  0.17/turn              (no ring)
MPRegen  0.11/turn              (no ring)

@: agile, berserking (expiring), lethally poisoned (0 -> -5), can't hop, very
slightly contaminated, repel missiles, quick
A: +LOS, swims, slowness 1, strong legs 1
a: Hop


You were on level 3 of the Dungeon.
You were hungry.

You visited 1 branch of the dungeon, and saw 4 of its levels.

You collected 78 gold pieces.

Inventory:

Hand Weapons
 g - a +0 short sword
 j - a +0 dagger
 m - a cursed -2 dagger (weapon)
Missiles
 b - 28 stones (quivered)
 n - 3 tomahawks
Armour
 c - a +0 robe (worn)
 q - a scarf of repulsion (worn)
Jewellery
 a - an uncursed ring of ice {unknown}
Wands
 f - a wand of polymorph (8)
Scrolls
 p - a scroll of enchant weapon
Potions
 h - a potion of brilliance {unknown}
 l - a potion of curing {unknown}
Books
 e - a book of Geomancy

   Spells                             Type                      Level
   a - Sandblast                      Earth                        1
   b - Passwall                       Transmutation/Earth          2
   c - Stone Arrow                    Conjuration/Earth            3
   d - Petrify                        Transmutation/Earth          4
   e - Lee's Rapid Deconstruction     Earth                        5
Comestibles
 d - 6 rations


   Skills:
 - Level 2.1 Dodging
 - Level 1.7 Stealth
 - Level 2.1 Spellcasting
   Level 1.1 Transmutations
 + Level 5.6 Earth Magic


You had 4 spell levels left.
You knew the following spells:

 Your Spells              Type           Power        Failure   Level  Hunger
a - Sandblast             Erth           ###...       1%          1    #......
b - Stone Arrow           Conj/Erth      ##....       19%         3    ###....


Dungeon Overview and Level Annotations

Branches:
Dungeon (4/15)
 Temple: D:4-7

Altars:


Innate Abilities, Weirdness & Mutations

Shadows flee at your approach. (+LOS)
You can swim through water.
You cover ground slowly.
You can hop short distances.


Message History

You are too berserk!
You closely miss the worker ant.
The worker ant is moderately wounded.
* * * LOW HITPOINT WARNING * * *
You feel sick. The worker ant misses you.
You puncture the worker ant!
The worker ant is severely wounded.
* * * LOW HITPOINT WARNING * * *
You feel sick. The worker ant misses you.
You barely miss the worker ant.
The worker ant is severely wounded.
The worker ant misses you.
You closely miss the worker ant.
The worker ant is severely wounded.
* * * LOW HITPOINT WARNING * * *
You feel sick. The worker ant misses you.
You puncture the worker ant!
You kill the worker ant!
You have reached level 5!
You die...

#.<...# #.# # #####.# #.#
#. #.# #.# ######.### #.#
#.# ........># #.# #.#
######.#.# #.# #.# # #.#
#.#######.# #.# #.......).#
##########+#@###########.##
#...............# #......#
#...............# #.##.###
#...............# #.##.#
#...............# #.##.#
#...............# #.##.#
#...............# #.##.#
#...............# #.##.#
#...............# #.##.#


There were no monsters in sight!

Vanquished Creatures
  An orc wizard (D:2)
  A worker ant (D:3)
  A howler monkey zombie (D:3)
  2 adders
  An ooze (D:2)
  2 leopard geckos (D:3)
  6 orcs
  2 ball pythons (D:2)
  2 giant cockroaches (D:3)
  3 goblins
  5 hobgoblins
  2 bats
  A frilled lizard (D:3)
  A jackal skeleton (D:4)
  A kobold (D:2)
  3 rats
34 creatures vanquished.

Notes
Turn   | Place    | Note
-------+----------+-------------------------------------------
     0 | D:1      | Lavandula the Barachi Earth Elementalist began the quest for the Orb.
     0 | D:1      | Reached XP level 1. HP: 13/13 MP: 3/3
   108 | D:1      | Reached XP level 2. HP: 11/19 MP: 1/5
   307 | D:2      | Reached skill level 4 in Earth Magic
   307 | D:2      | Reached XP level 3. HP: 19/24 MP: 1/6
   316 | D:2      | Learned a level 3 spell: Stone Arrow
   437 | D:2      | Reached XP level 4. HP: 16/30 MP: 2/7
   563 | D:3      | Reached skill level 5 in Earth Magic
   964 | D:4      | Noticed a hippogriff
   979 | D:3      | HP: 2/45 [poisoned by a worker ant]
   983 | D:3      | Reached XP level 5. HP: 1/35 MP: 1/8
   984 | D:3      | Succumbed to a worker ant's poison

Skill      XL: |  1  2  3  4 |
---------------+-------------+-----
Earth Magic    | 4 5 |  5.6
Dodging        | |  2.1
Stealth        | |  1.7
Spellcasting   | |  2.1
Transmutations | |  1.1

Action                   |  1- 3 |  4- 6 || total
-------------------------+-------+-------++-------
Melee: Unarmed           |     1 |       ||     1
       Short sword       |     1 |       ||     1
       Dagger            |    20 |    46 ||    66
 Cast: Sandblast         |    28 |    13 ||    41
       Stone Arrow       |     2 |     8 ||    10
 Abil: Hop               |     1 |     1 ||     2
Evoke: Wand              |       |     3 ||     3
  Use: Scroll            |       |     2 ||     2
       Potion            |       |     2 ||     2
 Stab: Sleeping          |       |     1 ||     1
  Eat: Chunk             |       |     2 ||     2
Armor: Robe              |     2 |    10 ||    12
Dodge: Dodged            |    18 |    37 ||    55
